[Event "Titled Tuesday Blitz June 21 Early 2022"]
[White "Shuvalova, Polina"]
[Black "Kobalia, Mikhail"]
[WhiteFideId "24171760"]
[BlackFideId "4119150"]
[WhiteElo "2330"]
[BlackElo "2667"]
[Result "0-1"]
[Round "05"]
[TimeControl "180+1"]
[Date "2022.06.22"]
[WhiteClock "0:00:09"]
[BlackClock "0:00:09"]

1. a3 e5 2. c4 c5 3. g3 Nc6 4. Bg2 d6 5. e3 Nge7 6. Ne2 Be6 7. Qc2 g6 8. O-O Bg7 9. d3 O-O 10. Nbc3 d5 11. cxd5 Nxd5 12. Nxd5 Bxd5 13. b3 Rc8 14. Bb2 Bxg2 15. Kxg2 Qd5+ 16. Kg1 Rfd8 17. Rfd1 Na5 18. Nc1 c4 19. b4 cxd3 20. Qxd3 Qxd3 21. Nxd3 Nc4 22. Rac1 e4 23. Bxg7 Rxd3 24. Bd4 a6 25. a4 b5 26. axb5 axb5 27. Ra1 Nd2 28. Kg2 g5 29. Rdc1 Re8 30. Rc5 Nf3 31. Rxb5 h6 32. Rb6 Kh7 33. g4 Nxd4 34. exd4 e3 35. Re1 e2 36. Ra6 Rd1 37. Ra1 Rxa1 38. Rxa1 e1=Q 39. Rxe1 Rxe1 40. Kf3 Kg6 41. b5 Kf6 42. b6 Ke6 0-1


[Site "https://www.chess.com"]

[Event "Titled Tuesday Blitz June 21 Early 2022"]
[White "Simonovic, Miroslav"]
[Black "parintele_chess"]
[WhiteFideId "919152"]
[WhiteElo "2043"]
[BlackElo "2253"]
[Result "1-0"]
[Round "05"]
[TimeControl "180+1"]
[Date "2022.06.22"]
[WhiteClock "0:00:17"]
[BlackClock "0:00:09"]

1. d4 d5 2. Bg5 c5 3. c3 Nc6 4. e3 Qb6 5. Qb3 c4 6. Qxb6 axb6 7. f4 Bf5 8. Nd2 f6 9. Bh4 e5 10. h3 Bd6 11. g4 Bc2 12. Bg2 exf4 13. exf4 Nge7 14. f5 Kd7 15. Ngf3 Bf4 16. Kf2 Rhe8 17. Rhc1 Be4 18. Bg3 Bxg3+ 19. Kxg3 Nc8 20. Re1 Nd6 21. Nh4 Bxg2 22. Nxg2 Rxe1 23. Nxe1 Re8 24. Kf2 b5 25. a3 g6 26. fxg6 hxg6 27. Ng2 g5 28. Re1 Ne7 29. h4 Ng6 30. Rxe8 Nxe8 31. hxg5 fxg5 32. Nf3 Nf4 33. Nxf4 gxf4 34. Ne5+ Ke6 35. Kf3 Nf6 36. Kxf4 Ne4 37. g5 Nf2 38. g6 Nd3+ 39. Nxd3 cxd3 40. Ke3 1-0


[Site "https://www.chess.com"]

[Event "Titled Tuesday Blitz June 21 Early 2022"]
[White "Slugin, Sergey"]
[Black "Prieto Aranguren, Alain"]
[WhiteFideId "4122569"]
[BlackFideId "2268906"]
[WhiteElo "2358"]
[BlackElo "2224"]
[Result "1-0"]
[Round "05"]
[TimeControl "180+1"]
[Date "2022.06.22"]
[WhiteClock "0:01:10"]
[BlackClock "0:00:02"]

1. c4 g6 2. Nf3 Bg7 3. g3 Nf6 4. Bg2 O-O 5. O-O d6 6. Nc3 e5 7. d4 Nbd7 8. e4 c6 9. h3 Qb6 10. b3 Re8 11. Be3 exd4 12. Nxd4 Nc5 13. Re1 Qa5 14. Bd2 Qb6 15. Bf4 Nh5 16. Bxd6 Nxe4 17. c5 Qb4 18. Nxe4 Qxd4 19. Qxd4 Bxd4 20. Rad1 Bg7 21. g4 f5 22. gxh5 fxe4 23. Bxe4 Bf5 24. Bxf5 gxf5 25. Kg2 Kf7 26. Kf3 Bc3 27. Rxe8 Rxe8 28. Bf4 Re7 29. Rd6 Re6 30. Rd3 Bf6 31. Bb8 a6 32. Kf4 Be7 33. Be5 Rh6 34. Rd7 Ke6 35. Rxb7 Rxh5 36. Bb8 Rxh3 37. Rc7 Bxc5 38. Rxc6+ Kd5 39. Rxa6 Rh2 40. f3 Rh5 41. a4 Kd4 42. Rc6 1-0


[Site "https://www.chess.com"]

[Event "Titled Tuesday Blitz June 21 Early 2022"]
[White "Snehal, Bhosale"]
[Black "Lianes Garcia, Marcos"]
[WhiteFideId "5021995"]
[BlackFideId "32060777"]
[WhiteElo "2103"]
[BlackElo "2310"]
[Result "0-1"]
[Round "05"]
[TimeControl "180+1"]
[Date "2022.06.22"]
[WhiteClock "0:00:48"]
[BlackClock "0:02:03"]

1. d4 g6 2. Nf3 Bg7 3. c4 c5 4. d5 d6 5. e4 e5 6. Nc3 Ne7 7. Be2 O-O 8. h4 h6 9. h5 g5 10. Bd3 f5 11. Bd2 f4 12. Nh2 Nd7 13. Be2 Kh7 14. Ng4 Ng8 15. Bf3 Ndf6 16. Qe2 Bd7 17. O-O-O a6 18. Kb1 Qc8 19. Nxf6+ Nxf6 20. Qd3 g4 21. Be2 Rb8 22. Qc2 Kh8 23. g3 f3 24. Bd3 b5 25. cxb5 axb5 26. Qc1 b4 27. Nb5 Bxb5 28. Bxh6 Bxd3+ 29. Rxd3 Qd7 30. Bg5 Nh7 0-1


[Site "https://www.chess.com"]

[Event "Titled Tuesday Blitz June 21 Early 2022"]
[White "Taichman, Ori"]
[Black "Corrales Jimenez, Fidel"]
[WhiteFideId "2804069"]
[BlackFideId "3506690"]
[WhiteElo "2227"]
[BlackElo "2541"]
[Result "1-0"]
[Round "05"]
[TimeControl "180+1"]
[Date "2022.06.21"]
[WhiteClock "0:01:25"]
[BlackClock "0:00:03"]

1. e4 c5 2. Nf3 d6 3. d4 cxd4 4. Nxd4 Nf6 5. Nc3 a6 6. Bg5 e6 7. f4 Qc7 8. Qf3 b5 9. Bxf6 gxf6 10. e5 Bb7 11. Qh5 dxe5 12. Nxe6 Qe7 13. f5 Bh6 14. Qxh6 fxe6 15. fxe6 Qxe6 16. Qg7 Qf7 17. Qxh8+ Ke7 18. Bd3 e4 19. Bxe4 Nd7 20. Qxh7 Qxh7 21. Bxh7 b4 22. Ne2 Rh8 23. Bd3 Bxg2 24. Rg1 Rxh2 25. O-O-O Ne5 26. Bxa6 Bf3 27. Rde1 Be4 28. Nd4 Bh7 29. Bd3 1-0


[Site "https://www.chess.com"]

[Event "Titled Tuesday Blitz June 21 Early 2022"]
[White "Tan, Zhongyi"]
[Black "Sargsyan, Anna M."]
[WhiteFideId "8603642"]
[BlackFideId "13308130"]
[WhiteElo "2510"]
[BlackElo "2271"]
[Result "0-1"]
[Round "05"]
[TimeControl "180+1"]
[Date "2022.06.21"]
[WhiteClock "0:00:02"]
[BlackClock "0:00:40"]

1. e4 c6 2. d4 d5 3. e5 Bf5 4. Nf3 e6 5. Be2 Nd7 6. O-O h6 7. a4 Ne7 8. a5 a6 9. b4 Qc7 10. c3 g5 11. Na3 f6 12. Re1 fxe5 13. Nxe5 Nxe5 14. dxe5 Bg7 15. Bh5+ Bg6 16. Nc2 O-O 17. Nd4 Qd7 18. Ra2 Rf7 19. Qg4 Bxh5 20. Qxh5 Raf8 21. Be3 Nf5 22. Nxf5 Rxf5 23. Bd4 Qf7 24. Qxf7+ Kxf7 25. f3 Ke8 26. Rae2 Kd7 27. h3 h5 28. Re3 Bh6 29. Rd3 Rg8 30. g4 hxg4 31. hxg4 Rf4 32. Kg2 Bg7 33. Rh1 Rh8 34. Rdd1 Rff8 35. Rh5 Rxh5 36. gxh5 Rh8 37. Rh1 Bh6 38. Kg3 Rf8 39. Re1 Rf4 40. Rh1 Ke8 41. Rh2 Rf5 42. Rh1 Kf7 43. Kg4 Rf4+ 44. Kg3 Rf5 45. Kg4 Kg8 46. Rh2 Kh7 47. Kg3 Bg7 48. Re2 Kh6 49. Rh2 Bxe5+ 50. Bxe5 Rxe5 51. Kg4 Re3 52. f4 Re4 53. Kf3 Rxf4+ 54. Ke3 e5 55. Kd3 g4 56. Rh4 g3 57. Rh3 g2 58. Rg3 Rf3+ 59. Rxf3 e4+ 0-1


[Site "https://www.chess.com"]

[Event "Titled Tuesday Blitz June 21 Early 2022"]
[White "Tasev, Dejan"]
[Black "Pham, Tran Gia Phuc"]
[WhiteFideId "936618"]
[BlackFideId "12415669"]
[WhiteElo "2253"]
[BlackElo "1789"]
[Result "1-0"]
[Round "05"]
[TimeControl "180+1"]
[Date "2022.06.22"]
[WhiteClock "0:00:26"]
[BlackClock "0:00:06"]

1. e4 c5 2. Nf3 Nc6 3. Nc3 Nf6 4. d4 cxd4 5. Nxd4 g6 6. Bc4 Bg7 7. Bb3 O-O 8. Be3 d6 9. f3 Bd7 10. Qd2 Rc8 11. h4 h5 12. g4 hxg4 13. h5 Nxh5 14. O-O-O Ne5 15. Bh6 e6 16. Rdg1 g3 17. Bxg7 Kxg7 18. f4 Ng4 19. f5 exf5 20. exf5 Nf2 21. Rxh5 gxh5 22. Qxf2 Qg5+ 23. Qd2 Qxd2+ 24. Kxd2 h4 25. Ke3 Kf6 26. Kf4 Rh8 27. Ne4+ Ke7 28. f6+ Kf8 29. Nxd6 Rc5 30. Nxf7 Rh7 31. Ng5 Rh5 32. Nge6+ Bxe6 33. Nxe6+ Ke8 34. Nxc5 Rxc5 35. f7+ Kf8 36. Re1 Rc8 37. Kg4 1-0


[Site "https://www.chess.com"]

[Event "Titled Tuesday Blitz June 21 Early 2022"]
[White "Terry, Renato"]
[Black "Steinberg, Nitzan"]
[WhiteFideId "3803457"]
[BlackFideId "2801795"]
[WhiteElo "2577"]
[BlackElo "2471"]
[Result "1-0"]
[Round "05"]
[TimeControl "180+1"]
[Date "2022.06.21"]
[WhiteClock "0:00:03"]
[BlackClock "0:00:03"]

1. d4 d5 2. Nf3 Nf6 3. c4 c6 4. Nc3 e6 5. Bg5 Nbd7 6. e3 Qa5 7. Bxf6 Nxf6 8. Nd2 Qd8 9. Rc1 g6 10. Be2 Bg7 11. O-O O-O 12. b4 b6 13. cxd5 cxd5 14. Qa4 a6 15. Rc2 Ne8 16. Rfc1 Bd7 17. Qb3 b5 18. Qb1 Nd6 19. Nb3 Nc4 20. Bxc4 dxc4 21. Nc5 Bc6 22. Rd1 h5 23. Rcd2 h4 24. h3 Qg5 25. N3e4 Qh5 26. a4 Rfd8 27. a5 Qd5 28. f3 Kh8 29. Qc2 Qh5 30. f4 Qf5 31. Kh2 Bf8 32. Rg1 Bxe4 33. Nxe4 Bxb4 34. Rf2 Bxa5 35. g4 hxg3+ 36. Rxg3 Qh5 37. Rg5 Qh6 38. Rfg2 Rd5 39. Nf6 Rxg5 40. Rxg5 Bd8 41. Ng4 Qh4 42. Rc5 Kg7 43. Ne5 Bf6 44. Qg2 Rh8 45. Nf3 Qh6 46. Rc6 Rb8 47. d5 exd5 48. Rxf6 b4 49. Rd6 c3 50. Qc2 Qh5 51. Ng5 Qh4 52. Qd3 Qf2+ 53. Kh1 c2 54. Rc6 b3 55. Qd4+ Kg8 56. Rxg6+ fxg6 57. Qxd5+ Kf8 58. Qf7# 1-0


[Site "https://www.chess.com"]

[Event "Titled Tuesday Blitz June 21 Early 2022"]
[White "Tica, Sven"]
[Black "Kosakowski, Jakub"]
[WhiteFideId "14526948"]
[BlackFideId "1185080"]
[WhiteElo "2346"]
[BlackElo "2476"]
[Result "0-1"]
[Round "05"]
[TimeControl "180+1"]
[Date "2022.06.21"]
[WhiteClock "0:01:29"]
[BlackClock "0:01:39"]

1. d4 d5 2. Nc3 Nf6 3. Bf4 a6 4. e3 Bf5 5. Bd3 Bg6 6. Nf3 e6 7. Ne5 Bd6 8. Ne2 c5 9. c3 Qc7 10. Rc1 Nc6 11. Nxg6 hxg6 12. dxc5 Bxf4 13. Nxf4 g5 14. Nh3 g4 15. Nf4 Ne5 16. Qa4+ Ke7 17. Qa3 g5 18. c6+ Qd6 19. cxb7 Rab8 20. Qxa6 gxf4 21. exf4 Nxd3+ 22. Qxd3 Rxb7 23. b3 Qxf4 24. Rc2 Ne4 25. c4 dxc4 26. Rxc4 Qxf2+ 27. Kd1 Rd7 0-1


[Site "https://www.chess.com"]

[Event "Titled Tuesday Blitz June 21 Early 2022"]
[White "Todorovic, Bojan"]
[Black "Yurovskykh, Oleksandr"]
[WhiteFideId "917087"]
[BlackFideId "14134020"]
[WhiteElo "2266"]
[BlackElo "2292"]
[Result "1-0"]
[Round "05"]
[TimeControl "180+1"]
[Date "2022.06.22"]
[WhiteClock "0:00:47"]
[BlackClock "0:00:03"]

1. d4 Nf6 2. c4 c5 3. d5 e5 4. Nc3 d6 5. e4 Nbd7 6. g3 g6 7. Bh3 h5 8. Nf3 Bh6 9. Ng5 Kf8 10. O-O Kg7 11. f4 Qe7 12. f5 Ng4 13. fxg6 fxg6 14. Rf7+ Qxf7 15. Nxf7 Bxc1 16. Rxc1 Kxf7 17. Bxg4 hxg4 18. Nb5 Ke7 19. Qxg4 Nf6 20. Qxg6 Rg8 21. Qh6 Bd7 22. Nxd6 Raf8 23. Nxb7 Rf7 24. Nxc5 Bg4 25. Rf1 Be2 26. d6+ Kxd6 27. Rxf6+ Rxf6 28. Qxf6+ Kxc5 29. Qxe5+ 1-0


[Site "https://www.chess.com"]

[Event "Titled Tuesday Blitz June 21 Early 2022"]
[White "Toncheva, Nadya"]
[Black "Ziatdinov, Raset"]
[WhiteFideId "2924056"]
[BlackFideId "2015323"]
[WhiteElo "1888"]
[BlackElo "2220"]
[Result "1-0"]
[Round "05"]
[TimeControl "180+1"]
[Date "2022.06.22"]
[WhiteClock "0:00:03"]
[BlackClock "0:00:44"]

1. e4 c5 2. Nf3 Nc6 3. d4 cxd4 4. Nxd4 Nf6 5. Nc3 e5 6. Ndb5 d6 7. Bg5 a6 8. Na3 b5 9. Nd5 Be7 10. Bxf6 Bxf6 11. c3 O-O 12. Nc2 Rb8 13. Be2 Bg5 14. O-O f5 15. exf5 Bxf5 16. Nce3 Be6 17. Bf3 Ne7 18. Qd3 Nxd5 19. Bxd5 Qd7 20. Bxe6+ Qxe6 21. Nd5 Rbc8 22. Rad1 g6 23. a4 bxa4 24. Qxa6 Rb8 25. Qe2 Rb3 26. f4 Bd8 27. Qc4 Kg7 28. fxe5 Rxf1+ 29. Rxf1 dxe5 30. Kh1 Rxb2 31. Qc5 Bf6 32. Nc7 Qg4 33. Ne8+ Kf7 34. Rxf6+ Kxe8 35. Qf8+ Kd7 36. Qd6+ Kc8 37. Rf8+ Kb7 38. Rb8+ Ka7 39. Qc7+ Ka6 40. Qc6+ Ka7 41. Qa8# 1-0


[Site "https://www.chess.com"]

[Event "Titled Tuesday Blitz June 21 Early 2022"]
[White "Topalov, Aleksandar"]
[Black "Malyi, Viacheslav"]
[WhiteFideId "925659"]
[BlackFideId "14123983"]
[WhiteElo "2179"]
[BlackElo "2270"]
[Result "0-1"]
[Round "05"]
[TimeControl "180+1"]
[Date "2022.06.22"]
[WhiteClock "0:00:03"]
[BlackClock "0:00:07"]

1. b3 c5 2. Bb2 d6 3. d4 cxd4 4. Qxd4 Nc6 5. Qd2 Nf6 6. c4 g6 7. Nc3 Bg7 8. g3 O-O 9. Bg2 Be6 10. Nh3 Qa5 11. Nf4 Bd7 12. O-O Rfd8 13. Rfd1 a6 14. h3 Rab8 15. a3 b5 16. b4 Qc7 17. Ncd5 Nxd5 18. Nxd5 Qa7 19. cxb5 axb5 20. Rac1 Be8 21. Nf6+ Bxf6 22. Bxf6 exf6 23. Bxc6 Bxc6 24. Rxc6 Qxa3 25. Rxd6 Rxd6 26. Qxd6 Rf8 27. Rd4 f5 28. h4 h5 29. Rd5 Qc1+ 30. Kg2 Qc4 31. Re5 f4 32. Rg5 Qe4+ 33. Kg1 fxg3 34. Rxg3 Kg7 35. Qd3 Qxb4 36. Rg5 Qxh4 37. Qxb5 Qf4 38. Qe5+ Qxe5 39. Rxe5 Kf6 40. Ra5 Rb8 41. Kg2 Rb4 42. Ra6+ Kg7 43. Ra7 g5 44. f3 Kg6 45. Ra6+ f6 46. Rc6 Rb5 47. Rc8 h4 48. Rf8 Rb2 49. Kf2 Ra2 50. Re8 Ra1 51. Rf8 Rh1 52. Rh8 Rh2+ 53. Kf1 Rh1+ 54. Kf2 Rc1 55. Kg2 Rc7 56. Kf2 Re7 57. Rg8+ Kf7 58. Rh8 Kg7 59. Ra8 Kg6 60. Rh8 Kf5 61. Ra8 Rb7 62. Ra5+ Kg6 63. Ra6 Re7 64. Rb6 Re5 65. Rb4 Ra5 66. Rc4 Ra1 67. Rc8 Kf5 68. Rb8 Ra5 69. Rf8 Ra7 70. Re8 Kg6 71. Rg8+ Rg7 72. Rh8 f5 73. Ra8 g4 74. fxg4 fxg4 75. Ra5 Rf7+ 76. Kg2 Rf5 77. Ra4 Kg5 78. Ra8 Re5 79. Rg8+ Kf4 80. Kf2 g3+ 81. Kf1 Ra5 82. Kg2 Re5 83. Rf8+ Kg4 84. Rg8+ Rg5 85. Rh8 Rg6 86. Rh7 Rg8 87. Rh6 Rg7 88. Rh8 Rg5 89. Rh6 Re5 90. Rg6+ Kh5 91. Rg8 Rxe2+ 0-1


[Site "https://www.chess.com"]

[Event "Titled Tuesday Blitz June 21 Early 2022"]
[White "Urquhart, Ed"]
[Black "Harvey, Marcus R"]
[WhiteFideId "2603748"]
[BlackFideId "400092"]
[WhiteElo "2184"]
[BlackElo "2485"]
[Result "0-1"]
[Round "05"]
[TimeControl "180+1"]
[Date "2022.06.22"]
[WhiteClock "0:00:07"]
[BlackClock "0:00:14"]

1. e4 c6 2. Bc4 d5 3. Bb3 dxe4 4. Qh5 g6 5. Qh4 Nf6 6. Nc3 Bf5 7. f3 exf3 8. Nxf3 e6 9. d4 h5 10. Bg5 Nbd7 11. Ne5 Be7 12. Nxd7 Nxd7 13. Bxe7 Qxe7 14. Qf4 e5 15. dxe5 Qxe5+ 16. Qxe5+ Nxe5 17. O-O-O Ke7 18. Rde1 f6 19. h3 h4 20. Ne4 Rad8 21. Rhf1 Bxe4 22. Rxe4 g5 23. a4 a5 24. Rfe1 b6 25. Bc4 Rd6 26. Be2 Rhd8 27. b3 Rd4 28. Re3 Rf4 29. Bf3 c5 30. Rxe5+ fxe5 31. Rxe5+ Kf6 32. Re3 c4 33. Rc3 Rdd4 34. Kb2 Ke5 35. Re3+ Kd6 36. Re8 cxb3 37. cxb3 Kc7 38. Rg8 Rf5 39. Rg7+ Kd8 40. Kc3 Rd6 41. Rb7 Rc5+ 42. Kb2 Kc8 43. Rg7 Rd2+ 44. Kb1 Rf2 45. Re7 Rc3 46. Bd5 Rd3 47. Be6+ Kd8 0-1


[Site "https://www.chess.com"]

[Event "Titled Tuesday Blitz June 21 Early 2022"]
[White "Ursan, Petru-Sebastian"]
[Black "Antonio, Jorge Carlos"]
[WhiteFideId "1227556"]
[BlackFideId "113190"]
[WhiteElo "2066"]
[BlackElo "2247"]
[Result "1-0"]
[Round "05"]
[TimeControl "180+1"]
[Date "2022.06.22"]
[WhiteClock "0:01:23"]
[BlackClock "0:01:51"]

1. e4 c5 2. Nf3 e6 3. d4 cxd4 4. Nxd4 Nc6 5. Nxc6 bxc6 6. Bd3 d5 7. O-O Nf6 8. Bg5 Be7 9. e5 Nd7 10. Bf4 O-O 11. Nd2 f6 12. Qh5 f5 13. Rae1 c5 14. Re3 g6 15. Qh6 Rf7 16. c3 a5 17. Rfe1 Ba6 18. Bxa6 Rxa6 19. Rg3 Rg7 20. Qh3 Nf8 21. Bh6 Rf7 22. Nf3 Rb6 23. Ng5 Bxg5 24. Bxg5 Qd7 25. b3 a4 26. bxa4 Qxa4 27. Bf6 Nd7 28. Rxg6+ Kf8 29. Qh6+ Ke8 30. Rg8+ Rf8 31. Qh5# 1-0


[Site "https://www.chess.com"]

[Event "Titled Tuesday Blitz June 21 Early 2022"]
[White "Vakhlamov, Igor L."]
[Black "Navara, David"]
[WhiteFideId "24126748"]
[BlackFideId "309095"]
[WhiteElo "2401"]
[BlackElo "2686"]
[Result "1-0"]
[Round "05"]
[TimeControl "180+1"]
[Date "2022.06.21"]
[WhiteClock "0:01:33"]
[BlackClock "0:00:01"]

1. e4 c5 2. Nf3 d6 3. Nc3 Nf6 4. d4 cxd4 5. Qxd4 Nc6 6. Bb5 Bd7 7. Bxc6 Bxc6 8. Bg5 e6 9. O-O-O Be7 10. Rhe1 O-O 11. e5 dxe5 12. Nxe5 Qc7 13. Qc4 Rac8 14. Nxc6 Qxc6 15. Qxc6 Rxc6 16. Ne4 Rfc8 17. Re2 Nd5 18. Bxe7 Nxe7 19. Rd7 R6c7 20. Red2 Nd5 21. Rxc7 Rxc7 22. Nc3 Rd7 23. Nxd5 Rxd5 24. Rxd5 exd5 25. Kd2 f6 26. Kd3 Kf7 27. Kd4 Ke6 28. Kc5 Ke5 29. a4 g5 30. a5 g4 31. b4 h5 32. b5 f5 33. a6 bxa6 34. bxa6 f4 35. Kc6 d4 36. f3 Ke6 37. h3 gxh3 38. gxh3 h4 39. Kc5 1-0


[Site "https://www.chess.com"]

[Event "Titled Tuesday Blitz June 21 Early 2022"]
[White "Veiga, Jose Francisco R P Neves"]
[Black "Pinheiro, Iung Alicio de O."]
[WhiteFideId "1930087"]
[BlackFideId "2104350"]
[WhiteElo "2326"]
[BlackElo "2283"]
[Result "0-1"]
[Round "05"]
[TimeControl "180+1"]
[Date "2022.06.22"]
[WhiteClock "0:00:06"]
[BlackClock "0:00:06"]

1. e4 c5 2. Nf3 Nc6 3. Bb5 e6 4. O-O Nge7 5. Re1 Nd4 6. Bf1 Nec6 7. c3 Nxf3+ 8. Qxf3 Be7 9. Na3 O-O 10. Nc4 d6 11. a4 f5 12. d3 e5 13. Qd1 Be6 14. Ne3 g6 15. Nd5 Rf7 16. Be2 Bg5 17. f4 exf4 18. Nxf4 Bxf4 19. Bxf4 fxe4 20. Bg3 d5 21. Bf1 Qd7 22. dxe4 d4 23. Bb5 Rd8 24. Qc2 a6 25. Bxc6 Qxc6 26. Rad1 Qb6 27. Rd2 Bb3 28. Qc1 d3 29. e5 c4+ 30. Kh1 Qe6 31. Rf1 Rdf8 32. Rxf7 Qxf7 33. Kg1 Bxa4 34. Rf2 Qd5 35. Rxf8+ Kxf8 36. Qf4+ Ke8 37. e6 Qxe6 38. Qb8+ Kf7 39. Qxb7+ Bd7 40. Qf3+ Ke8 41. Qa8+ Bc8 42. Qf3 d2 43. Qd1 Qe3+ 44. Bf2 Qd3 45. h3 Bf5 46. Kh2 Qc2 47. Qe2+ Be4 48. Qxc4 d1=Q 49. Qc8+ Qd8 50. Qe6+ Qe7 51. Qg8+ Kd7 52. Kg1 Qd1+ 53. Kh2 Qe2 54. Kg1 Bxg2 55. Kxg2 Q7e4+ 56. Kg3 Q2f3+ 57. Kh2 Qg2# 0-1


[Site "https://www.chess.com"]

[Event "Titled Tuesday Blitz June 21 Early 2022"]
[White "Volkov, Maksim"]
[Black "Timofeev, Artyom"]
[WhiteFideId "54123070"]
[BlackFideId "4140419"]
[WhiteElo "2155"]
[BlackElo "2578"]
[Result "0-1"]
[Round "05"]
[TimeControl "180+1"]
[Date "2022.06.21"]
[WhiteClock "0:00:14"]
[BlackClock "0:00:49"]

1. d4 Nf6 2. c4 g6 3. g3 Bg7 4. Bg2 d5 5. cxd5 Nxd5 6. e4 Nb4 7. Ne2 Bxd4 8. O-O Bg7 9. Qb3 c5 10. Rd1 Qa5 11. Nbc3 O-O 12. Be3 N8a6 13. Nf4 Nc6 14. Nce2 Qb4 15. Qxb4 Ncxb4 16. Rd2 e5 17. Nd5 Nxd5 18. exd5 Bd7 19. d6 Rab8 20. Nc3 b6 21. Bf1 Nb4 22. Nb5 Nc6 23. Bg2 Rfd8 24. Rad1 a5 25. a4 Nd4 26. Bxd4 exd4 27. Na7 Bxa4 0-1


[Site "https://www.chess.com"]

[Event "Titled Tuesday Blitz June 21 Early 2022"]
[White "Warchol, Kamil"]
[Black "Trakru, Rohun"]
[WhiteFideId "21858241"]
[BlackFideId "2097613"]
[WhiteElo "1951"]
[BlackElo "1746"]
[Result "0-1"]
[Round "05"]
[TimeControl "180+1"]
[Date "2022.06.22"]
[WhiteClock "0:00:01"]
[BlackClock "0:01:01"]

1. e4 e6 2. d4 d5 3. Nc3 Nf6 4. Bg5 Bb4 5. e5 h6 6. Bd2 Bxc3 7. bxc3 Ne4 8. Bc1 Nxc3 9. Qg4 g6 10. Bd3 h5 11. Qf4 c5 12. dxc5 Nc6 13. Nf3 Qa5 14. O-O Qxc5 15. a4 Qf8 16. Bb2 Ne4 17. Bxe4 dxe4 18. Ng5 Bd7 19. Nxe4 O-O-O 20. Nd6+ Kb8 21. Ba3 Qg7 22. Nxf7 Rhf8 23. Bd6+ Ka8 24. Bxf8 Rxf8 25. Rad1 Rxf7 26. Qd2 Qxe5 27. Qd6 Qg5 28. f4 Qd8 29. Rf3 a6 30. Rfd3 Qb6+ 31. Kh1 h4 32. Qa3 Bc8 33. Qd6 Qf2 34. Rf3 Qxc2 35. Rff1 Rd7 36. Qxd7 Bxd7 37. Rxd7 h3 38. gxh3 Qe4+ 39. Kg1 Nd4 40. Rd8+ Ka7 41. Rd1 Qe3+ 42. Kf1 Qe2+ 0-1


[Site "https://www.chess.com"]

[Event "Titled Tuesday Blitz June 21 Early 2022"]
[White "Wartiovaara, Oliver"]
[Black "Piliczewski, Bogusz"]
[WhiteFideId "513024"]
[BlackFideId "1104144"]
[WhiteElo "1971"]
[BlackElo "1896"]
[Result "1-0"]
[Round "05"]
[TimeControl "180+1"]
[Date "2022.06.22"]
[WhiteClock "0:00:55"]
[BlackClock "0:00:07"]

1. Nf3 d5 2. g3 Nf6 3. Bg2 Bf5 4. O-O e6 5. d3 h6 6. Nc3 Be7 7. e4 dxe4 8. Ne5 Nbd7 9. Nxd7 Qxd7 10. dxe4 Qxd1 11. Rxd1 Bg6 12. e5 Nd7 13. Bxb7 Rd8 14. Bc6 Bb4 15. Bf4 Bxc2 16. Rd2 Bf5 17. Rad1 g5 18. Rxd7 Rxd7 19. Bxd7+ Ke7 20. Be3 Bg4 21. Rd2 Rd8 22. Ba4 Rxd2 23. Bxd2 Bc5 24. Kg2 Bd4 25. f4 gxf4 26. gxf4 Bf5 27. Bd1 c5 28. Bf3 a5 29. b3 Bd3 30. Ne2 Bb2 31. Bxa5 Bxe2 32. Bxe2 Bc1 33. Kf3 Kd7 34. Bc3 Kc6 35. Bc4 h5 36. a4 1-0


[Site "https://www.chess.com"]

[Event "Titled Tuesday Blitz June 21 Early 2022"]
[White "Williams, Simon K"]
[Black "Aaditya Dhingra"]
[WhiteFideId "404454"]
[BlackFideId "25678191"]
[WhiteElo "2468"]
[BlackElo "1849"]
[Result "0-1"]
[Round "05"]
[TimeControl "180+1"]
[Date "2022.06.22"]
[WhiteClock "0:00:01"]
[BlackClock "0:00:05"]

1. e4 c5 2. a3 e6 3. b4 b6 4. bxc5 bxc5 5. Nc3 Bb7 6. Rb1 Bc6 7. Nf3 Nf6 8. e5 Ng4 9. h3 Nh6 10. d4 Bxf3 11. Qxf3 Nc6 12. Bxh6 Nxd4 13. Qg3 Nf5 14. Qf4 Nxh6 15. Bd3 Qa5 16. Qc4 d5 17. exd6 Bxd6 18. O-O O-O 19. Ne4 Be7 20. Rb7 Nf5 21. Rfb1 Rad8 22. Qc3 Qxc3 23. Nxc3 Bf6 24. Ne4 Bd4 25. Rxa7 c4 26. Rc7 cxd3 27. cxd3 Nd6 28. Nxd6 Rxd6 29. Rbb7 g6 30. g3 Bf6 31. Rb3 Rfd8 32. a4 Rxd3 33. Rbb7 Rf8 34. a5 Ra3 35. Rb5 Ra2 36. Rd7 Ra8 37. Rbb7 Rf8 38. Rb5 Bc3 39. Rc5 Bxa5 40. Ra7 Ra1+ 41. Kg2 Bc3 42. Rd7 Ra3 43. Rcc7 Be5 44. Rb7 Bf6 45. h4 Ra2 46. Kf3 Be5 47. h5 gxh5 48. Kg2 Kg7 49. Kf3 Kg6 50. Ke3 Bf6 51. f4 Ra3+ 52. Ke4 Rxg3 53. f5+ exf5+ 54. Kf4 Rg4+ 55. Kf3 h4 56. Rb6 Kg7 57. Rd5 Rg3+ 58. Kf4 Bg5+ 59. Kxf5 h3 60. Rb2 Rg2 61. Rb3 h2 62. Rh3 Re8 63. Rd4 Ree2 64. Rd7 Re1 65. Rxf7+ Kxf7 66. Rxh7+ Kg8 67. Rg7+ Kf8 68. Rf7+ Ke8 0-1


[Site "https://www.chess.com"]

[Event "Titled Tuesday Blitz June 21 Early 2022"]
[White "Yang, Kaiqi"]
[Black "Borgaonkar Akshay"]
[WhiteFideId "8604398"]
[BlackFideId "25639110"]
[WhiteElo "2373"]
[BlackElo "1660"]
[Result "1-0"]
[Round "05"]
[TimeControl "180+1"]
[Date "2022.06.22"]
[WhiteClock "0:00:16"]
[BlackClock "0:00:04"]

1. d4 Nf6 2. c4 g6 3. h4 Bg7 4. Nc3 O-O 5. h5 d6 6. hxg6 fxg6 7. Nf3 Bg4 8. Bh6 Nbd7 9. Qd2 Bxf3 10. gxf3 e5 11. Bh3 exd4 12. Be6+ Kh8 13. Qxd4 Nc5 14. Bxg7+ Kxg7 15. Bd5 c6 16. Be4 Nxe4 17. fxe4 Qe7 18. O-O-O Rad8 19. f3 Qe5 20. Qxa7 Rf7 21. Qe3 b5 22. cxb5 cxb5 23. Kb1 b4 24. Nd5 Ra8 25. Qb3 Rfa7 26. Nxb4 Rb7 27. a3 Rab8 28. Qd3 Rb6 29. Rc1 R8b7 30. Rc3 h5 31. Rhc1 h4 32. Rc7+ Rxc7 33. Rxc7+ Kh6 34. Qe3+ g5 35. Qxb6 h3 36. Rc1 h2 37. Qf2 Qd5 38. exd5 1-0


[Site "https://www.chess.com"]

[Event "Titled Tuesday Blitz June 21 Early 2022"]
[White "Yedidia, Daniel"]
[Black "Gabrielian, Artur"]
[WhiteFideId "30905907"]
[BlackFideId "4131002"]
[WhiteElo "2581"]
[BlackElo "2440"]
[Result "1-0"]
[Round "05"]
[TimeControl "180+1"]
[Date "2022.06.22"]
[WhiteClock "0:00:15"]
[BlackClock "0:00:09"]

1. d4 Nf6 2. c4 c5 3. d5 e6 4. Nc3 exd5 5. cxd5 d6 6. e4 g6 7. f4 Bg7 8. Bb5+ Nfd7 9. a4 Na6 10. Nf3 Nb4 11. O-O a6 12. Bc4 O-O 13. Re1 Nb6 14. Bf1 a5 15. Be3 Re8 16. Bf2 Bg4 17. Rc1 Rc8 18. h3 Bxf3 19. Qxf3 c4 20. Rcd1 Nd7 21. Nb5 Nc5 22. Bxc4 Nxa4 23. b3 Nb2 24. Rc1 Rxc4 25. Rxc4 Nxc4 26. bxc4 f5 27. Kh2 a4 28. exf5 Rxe1 29. Bxe1 Nc2 30. Bc3 Qf8 31. fxg6 hxg6 32. Kg3 a3 33. Bxg7 Qxg7 34. Nxa3 Nd4 35. Qe4 Nf5+ 36. Kh2 Qc3 37. Qf3 Qd2 38. Nb5 Kh7 39. Nc7 Nh4 40. Qg4 Nf5 41. Ne6 Ne3 42. Qh4+ Kg8 43. Qd8+ Kh7 44. Qe7+ Kh6 45. Qg7+ Kh5 46. Qh7# 1-0


[Site "https://www.chess.com"]

[Event "Titled Tuesday Blitz June 21 Early 2022"]
[White "Yen, William"]
[Black "Florescu, Codrut-Constantin"]
[WhiteFideId "30932025"]
[BlackFideId "1202200"]
[WhiteElo "1905"]
[BlackElo "2191"]
[Result "1-0"]
[Round "05"]
[TimeControl "180+1"]
[Date "2022.06.22"]
[WhiteClock "0:01:55"]
[BlackClock "0:02:03"]

1. e4 c5 2. d4 cxd4 3. c3 dxc3 4. Nxc3 Nc6 5. Nf3 e6 6. Bc4 a6 7. O-O Qc7 8. Qe2 Bd6 9. Rd1 Ne5 10. Nxe5 Bxe5 11. g3 h5 12. Bg5 f6 13. Be3 b5 14. Bb3 h4 15. Rac1 Qb8 16. Qg4 Kf7 17. f4 Bxc3 18. Rxc3 hxg3 19. hxg3 Bb7 20. Rxd7+ 1-0


[Site "https://www.chess.com"]